 Dungeon Crawl Stone Soup version 0.29-a0-97-g88c9fad16d (webtiles) character file.

Game seed: 9459267765232380433

217 siradein the Vexing (level 5, -7/46 HPs)
             Began as a Naga Arcane Marksman on Feb 14, 2022.
             Mangled by an iguana (13 damage)
             ... on level 6 of the Dungeon.
             The game lasted 00:23:35 (3663 turns).

siradein the Vexing (Naga Arcane Marksman)          Turns: 3663, Time: 00:23:35

Health: -7/46      AC:  3    Str: 12    XL:     5   Next: 94%
Magic:  8/8        EV:  9    Int: 16    God:
Gold:   136        SH:  0    Dex: 11    Spells: 0/8 levels left

rFire   . . .      SeeInvis +   a - +0 hand crossbow
rCold   . . .      Faith    .   (no shield)
rNeg    . . .      Spirit   .   B - +0 leather armour
rPois   +          Reflect  .   (no helmet)
rElec   .          Harm     .   (no cloak)
rCorr   .          Rampage  .   (no gloves)
Will    .....                   (no barding)
Stlth   +.........              (no amulet)
HPRegen 0.15/turn               (no ring)
MPRegen 0.11/turn               (no ring)

@: very slow
A: AC +1, large, see invisible, deformed body, poison resistance, slowness 2,
spit poison 1, naga tail 1
a: Spit Poison


You were on level 6 of the Dungeon.
You visited 1 branch of the dungeon, and saw 5 of its levels.

You collected 136 gold pieces.

Inventory:

Hand Weapons
 a - a +0 hand crossbow (weapon)
 b - a +1 vampiric dagger
 q - a +0 hunting sling
 w - a +0 rapier
Missiles
 c - 28 bolts (quivered ammo)
 e - a throwing net
 g - 50 arrows
 l - 3 boomerangs
 r - 9 sling bullets
 t - 13 stones
Armour
 u - the +1 robe of the Griffon {Harm *Corrode rPois Str+2 Stlth+}
   (You found it on level 2 of the Dungeon)

   Str:       It affects your strength (+2).
   rPois:     It protects you from poison.
   *Corrode:  It may corrode you when you take damage.
   Harm:      It increases damage dealt and taken.
   Stlth:     It makes you more stealthy.
 B - a +0 leather armour (worn)
Jewellery
 p - a +6 ring of strength
 y - a +6 ring of dexterity
 A - an amulet of magic regeneration
Wands
 x - a wand of digging (3)
Scrolls
 d - a scroll of identify {unknown}
 i - 2 scrolls of vulnerability {unknown}
 j - a scroll of summoning {unknown}
 o - a scroll of noise {unknown}
 v - a scroll of enchant armour {unknown}
Potions
 f - a potion of heal wounds {unknown}
 h - a potion of brilliance {unknown}
 k - a potion of invisibility {unknown}
 m - a potion of cancellation {unknown}
 n - a potion of curing {unknown}
 s - 2 potions of magic {unknown}
 z - a potion of resistance {unknown}


   Skills:
 + Level 2.3 Fighting
 + Level 2.7 Crossbows
 + Level 2.5 Dodging
 + Level 2.3 Spellcasting
 + Level 3.7 Hexes
 + Level 1.3 Translocations


You couldn't memorise any spells.
You knew the following spells:

 Your Spells              Type           Power      Damage    Failure   Level
a - Slow                  Hex            52%        N/A       5%          1
b - Portal Projectile     Hex/Tloc       20%        N/A       26%         3
c - Cause Fear            Hex            6%         N/A       47%         4

Your spell library contained the following spells:

 Spells                   Type           Power      Damage    Failure   Level
 Sandblast                Erth           2%         2d4       26%         1
 Inner Flame              Hex/Fire       7%         N/A       34%         3
 Passwall                 Tmut/Erth      0%         N/A       36%         2
 Gell's Gravitas          Tloc           6%         N/A       41%         3
 Lesser Beckoning         Tloc           6%         N/A       41%         3
 Teleport Other           Tloc           6%         N/A       41%         3
 Ignite Poison            Fire/Tmut/Pois 1%         N/A       58%         3
 Mephitic Cloud           Conj/Pois/Air  1%         N/A       58%         3
 Ozocubu's Armour         Ice            1%         N/A       58%         3
 Stone Arrow              Conj/Erth      2%         3d7       58%         3
 Metabolic Englaciation   Hex/Ice        3%         N/A       97%         5
 Freezing Cloud           Conj/Ice/Air   0%         6-21      100%        5
 Simulacrum               Ice/Necr       0%         N/A       100%        6


Dungeon Overview and Level Annotations

Branches:
Dungeon (4/15)             Temple (0/1) D:4

Altars:
Uskayaw

Annotations:
D:6 2 runed translucent doors, SirDiesAlot's ghost, novice DECj


Innate Abilities, Weirdness & Mutations

Your serpentine skin is tough. (AC +1)
You have supernaturally acute eyesight. (SInv)
Armour fits poorly on your strangely shaped body.
Your system is resistant to poisons. (rPois)
You cover ground very slowly.
You can spit poison.
You have a snake-like lower body.


Message History

The splash of poison hits the iguana but does no damage.
The iguana is poisoned.
The iguana barely misses you.
Unknown command.
You are already wielding that!
a - a +0 hand crossbow (weapon)
The iguana bites you but does no damage.
You shoot a bolt. The bolt hits the iguana.
The iguana is moderately wounded.
The iguana barely misses you.
You shoot a bolt. The bolt hits the iguana.
The iguana is moderately wounded.
The iguana bites you! The iguana bites you.
You shoot a bolt. The bolt closely misses the iguana.
You have got your breath back.
The iguana bites you.
You shoot a bolt.
The bolt hits the iguana but does no damage.
The iguana is moderately wounded.
The iguana bites you.
You shoot a bolt.
The bolt hits the iguana but does no damage.
The iguana is moderately wounded.
The iguana bites you.
The iguana hisses menacingly.
The iguana bites you.
You are too injured to fight recklessly!
You are too injured to fight recklessly!
You are too injured to fight recklessly!
Fire: 30 bolts
Press: ? - help, Q - select action, (/) - cycle Shift-Dir - straight line, f/p - iguana
Aim: an iguana (moderately wounded, poisoned, 65% to hit)
You shoot a bolt. The bolt closely misses the iguana.
The iguana looks more healthy.
The iguana bites you!
* * * LOW HITPOINT WARNING * * *
Fire: 29 bolts
Press: ? - help, Q - select action, (/) - cycle Shift-Dir - straight line, f/p - iguana
Aim: an iguana (moderately wounded, 65% to hit)
You shoot a bolt. The bolt barely misses the iguana.
The iguana bites you!
You die...

..........#... ..#.#
#.........#...# #.#.#
..........#...# #.#####.#.#
..........#...# #.........#
..........#...# #######.###
..........#...# ######....
..........#...# .........##
..........#...###############.#
#.>.....l@..............#
####....#################
#.#### #...# ##.#.## #.....#
##+##.# #≈≈≈#.# #≈≈≈#.#


You could see an iguana.

Vanquished Creatures
  A phantom (D:3)
  A hound skeleton (D:4)
  4 adders
  An adder skeleton (D:4)
  2 worms (D:2)
  3 dart slugs (D:3)
  4 orcs (D:3)
  8 bats
  6 endoplasms
  A giant cockroach (D:4)
  10 goblins
  3 hobgoblins
  8 kobolds
  A quokka (D:1)
  8 ball pythons
  7 frilled lizards
  6 rats
74 creatures vanquished.

Notes
Turn   | Place    | Note
-------+----------+-------------------------------------------
     0 | D:1      | siradein the Naga Arcane Marksman began the quest for the
                  | Orb.
     0 | D:1      | Reached XP level 1. HP: 18/18 MP: 2/2
    18 | D:1      | Noticed a salamander
    18 | D:1      | Noticed a scorpion
    18 | D:1      | Noticed a polar bear
    19 | D:1      | Noticed a hog
    19 | D:1      | Noticed a snapping turtle
    58 | D:1      | Reached XP level 2. HP: 18/25 MP: 3/3
   609 | D:1      | Found a faded altar of an unknown god.
   684 | D:1      | Reached XP level 3. HP: 31/31 MP: 5/5
  1609 | D:2      | Reached XP level 4. HP: 37/39 MP: 6/6
  1613 | D:2      | Learned a level 3 spell: Portal Projectile
  1919 | D:2      | Identified the +1 robe of the Griffon {Harm *Corrode rPois
                  | Str+2 Stlth+}
  2112 | D:2      | Found a hide-covered altar of Uskayaw.
  2186 | D:3      | Noticed a phantom
  2202 | D:3      | Killed a phantom
  2203 | D:3      | Reached skill level 1 in Translocations
  2203 | D:3      | Reached XP level 5. HP: 5/45 MP: 6/8
  2714 | D:3      | Learned a level 4 spell: Cause Fear
  3519 | D:4      | Found a staircase to the Ecumenical Temple.
  3522 | D:4      | You fall into a shaft and drop 2 floors!
  3577 | D:6      | Found a runed translucent door.
  3578 | D:6      | Noticed SirDiesAlot's ghost (novice DECj)
  3595 | D:6      | Found a runed translucent door.
  3663 | D:6      | Mangled by an iguana

Illustrated notes

Levels and vault maps discovered:
D:1:      onia_arrival_zoo_common, layout_basic,
          nicolae_ecumenical_snake_handling, wad_floor_pattern_2
D:2:      layout_rooms, basic_altar
D:3:      layout_rooms, kennysheep_doodads
D:4:      layout_basic, minmay_temple_entry_overgrown
D:6:      layout_basic, ebering_ghost_sewer_f, nrook_mini_vaults,
          minmay_fractal_squares_diagonal_5

Skill      XL: |  1  2  3  4 |
---------------+-------------+-----
Crossbows      | 2 |  2.7
Dodging        | 2 |  2.5
Fighting       | 2 |  2.3
Spellcasting   | 2 |  2.3
Translocations | 1 |  1.3
Hexes          | |  3.7

Action                   |  1- 3 |  4- 6 || total
-------------------------+-------+-------++-------
Melee: Dagger            |    68 |    30 ||    98
       Long sword        |    10 |       ||    10
 Fire: Hand crossbow     |     2 |    19 ||    21
       Hunting sling     |       |    81 ||    81
 Cast: Slow              |     1 |       ||     1
 Abil: Spit Poison       |    25 |    21 ||    46
Armor: Robe              |    12 |    13 ||    25
       Leather armour    |       |     3 ||     3
Dodge: Dodged            |    42 |    52 ||    94

Table legend: (Time is in decaauts)
 A = Elapsed time spent in this place.
 B = Non-inter-level travel time spent in this place.
 C = Inter-level travel time spent in this place.
 D = Time resting spent in this place.
 E = Time spent auto-exploring this place.
 F = Levels seen in this place.
 G = Mean time per level.
                   A        B        C        D        E       F      G
               +--------+--------+--------+--------+--------+-----+--------+
         Total |   4476 |   4281 |    195 |    575 |   2736 |   5 |  895.2 |
       Dungeon |   4476 |   4281 |    195 |    575 |   2736 |   5 |  895.2 |
               +--------+--------+--------+--------+--------+-----+--------+

Top non-repeatable levels by time:
     D:1: 1807 daAuts
     D:2: 1271 daAuts
     D:3: 927 daAuts
     D:4: 274 daAuts
     D:6: 195 daAuts
